 Dungeon Crawl Stone Soup version 0.19-a0-54-g5421d7e (webtiles) character file.

30 Brrr the Digger (level 3, -4/28 HPs)
             Began as a Gargoyle Earth Elementalist on May 8, 2016.
             Slain by Crazy Yiuf
             ... wielding a +2 quarterstaff of chaos
              (5 damage)
             ... on level 2 of the Dungeon.
             The game lasted 00:04:18 (1386 turns).

Brrr the Digger (Gargoyle Earth Elementalist)       Turns: 1386, Time: 00:04:19

Health: -4/28      AC: 21    Str: 11    XL:     3   Next: 18%
Magic:  4/7        EV:  2    Int: 16    God:
Gold:   11         SH:  0    Dex: 10    Spells: 2 memorised, 4 levels left

rFire  . . .     SeeInvis .     b - 81 stones
rCold  . . .     Gourm    .     (armour currently unavailable)
rNeg   + + +     Faith    .     (no shield)
rPois  ∞         Spirit   .     (helmet currently unavailable)
rElec  .         Dismiss  .     (cloak currently unavailable)
rCorr  .         Reflect  .     (gloves currently unavailable)
SustAt .         Harm     .     (boots currently unavailable)
MR     .....     NoTele   +     j - amulet of inaccuracy (curse)
Stlth  ++........               (no ring)
                                (no ring)

@: tree-form, very slightly contaminated, not resistant to hostile enchantments,
unstealthy
A: negative energy resistance 1, (electricity resistance), (unbreathing),
petrification resistance, rot immunity, AC +3
a: no special abilities


You were on level 2 of the Dungeon.
You were not hungry.
You were a tree.
You visited 1 branch of the dungeon, and saw 2 of its levels.

You collected 11 gold pieces.

Inventory:

Hand Weapons
 f - a +0 short sword
 h - a +0 dagger of venom
 n - a +0 spear
Missiles
 b - 81 stones (in branch)
Armour
 a - a +0 robe (melded)
 m - a +0 pair of boots (melded)
Jewellery
 j - a cursed amulet of inaccuracy (around neck)
Potions
 e - a potion of brilliance
 i - a potion of cancellation
Books
 c - a book of Geomancy

   Spells                             Type                      Level
   a - Sandblast                      Earth                        1
   b - Passwall                       Transmutation/Earth          2
   c - Stone Arrow                    Conjuration/Earth            3
   d - Petrify                        Transmutation/Earth          4
   e - Lee's Rapid Deconstruction     Earth                        5
Comestibles
 d - a bread ration
 g - 9 chunks of flesh
 l - a slice of pizza


   Skills:
 - Level 1.5 Dodging
 - Level 2.1 Stealth
 * Level 3.0 Spellcasting
 + Level 0.2 Conjurations
   Level 0.7 Transmutations
 + Level 4.1 Earth Magic


You had 4 spell levels left.
You knew the following spells:

 Your Spells              Type           Power        Failure   Level  Hunger
a - Sandblast             Erth           ###...       4%          1    #......
b - Stone Arrow           Conj/Erth      #.....       28%         3    ###....


Dungeon Overview and Level Annotations

Branches:
Dungeon (2/15)

Altars:

Annotations:
D:2 Crazy Yiuf


Innate Abilities, Weirdness & Mutations

You are resistant to torment.
((Your stone body is resilient (AC +3).))
You are immune to poison.
You resist negative energy.
((You are resistant to electric shocks.))
((You can survive without breathing.))
You are immune to petrification.
You are immune to rotting.


Message History

Drink which item? (? for menu, Esc to quit)
It was a potion of lignification.
You turn into a tree.
Your +0 pair of boots melds into your body.
Your +0 robe melds into your body.
Your roots penetrate the ground.
Crazy Yiuf barely misses you.
Really attack while wielding your 82 stones? [Y]es or [N]o only, please.
Really attack while wielding your 82 stones? [Y]es or [N]o only, please.
Really attack while wielding your 82 stones?
Okay, then.
Casting: Sandblast
Confirm with . or Enter, or press ? or * to list all spells.
Aiming: Sandblast
Press: ? - help, Shift-Dir - straight line, f/p - Crazy Yiuf
Aim: Crazy Yiuf, wielding a quarterstaff of chaos and wearing a runed cloak The rocky blast hits Crazy Yiuf.
Crazy Yiuf is moderately wounded.
Crazy Yiuf hits you with a quarterstaff of chaos.
You die...

#####
#)..#
#...#
#.g.# #♣#
♣.♣♣ ♣♣.♣
♣.♣♣
##########
♣♣.♣
#........#
♣♣.♣♣
#........#
♣♣P..♣
#........#
♣.PP.♣
#........#
#....#


You could see Crazy Yiuf.

Vanquished Creatures
  5 bats
  2 giant cockroaches (D:1)
  6 goblins
  4 hobgoblins
  4 jackals (D:1)
  A ball python (D:1)
  A giant newt (D:1)
  A rat (D:1)
24 creatures vanquished.

Notes
Turn   | Place    | Note
--------------------------------------------------------------
     0 | D:1      | Brrr the Gargoyle Earth Elementalist began the quest for the Orb.
     0 | D:1      | Reached XP level 1. HP: 10/10 MP: 3/3
     0 | D:1      | Noticed a shadow dragon
     5 | D:1      | Noticed an orb of fire
     9 | D:1      | Noticed an iron dragon
    12 | D:1      | Noticed a shadow dragon
    13 | D:1      | Noticed a shadow dragon
    40 | D:1      | Noticed an orb of fire
    42 | D:1      | Noticed a large abomination
    42 | D:1      | Noticed an ice dragon
    43 | D:1      | Noticed a large abomination
    47 | D:1      | Noticed an iron dragon
    49 | D:1      | Noticed a tentacled monstrosity
    53 | D:1      | Noticed an ice dragon
   375 | D:1      | Reached XP level 2. HP: 13/15 MP: 5/5
   830 | D:1      | Reached skill level 4 in Earth Magic
  1116 | D:1      | Reached XP level 3. HP: 19/19 MP: 7/7
  1121 | D:1      | Learned a level 3 spell: Stone Arrow
  1379 | D:2      | Noticed Crazy Yiuf
  1386 | D:2      | Slain by Crazy Yiuf

Vault maps used:
D:1:      shiori_arrival_whats_in_store_for_you
D:2:      lemuel_round_altar, minmay_misc_feat_x, uniq_robin,
          uniq_crazy_yiuf_cottage

Skill      XL: |  1  2  3 |
---------------+----------+-----
Earth Magic    | 4 |  4.1
Spellcasting   | 3 |  3.0
Dodging        | |  1.5
Stealth        | |  2.1
Conjurations   | |  0.2
Transmutations | |  0.7

Action                   || total
-------------------------++-------
Melee: Short sword       ||   103
       Dagger            ||    14
 Cast: Sandblast         ||     9
  Use: Scroll            ||     2
       Potion            ||     4
 Stab: Sleeping          ||     3
  Eat: Chunk             ||     2
Armor: Robe              ||    66
Dodge: Dodged            ||    97
